 Dungeon Crawl Stone Soup version 0.17.1-2-g5865329 (webtiles) character file.

151 PossumBlood the Archer (level 5, -1/34 HPs)
             Began as a High Elf Hunter on Jan 25, 2016.
             Slain by PossumBlood's ghost (4 damage)
             ... on level 4 of the Dungeon.
             The game lasted 00:12:45 (2311 turns).

PossumBlood the Archer (High Elf Hunter)            Turns: 2311, Time: 00:12:45

Health: -1/34      AC:  5    Str: 11    XL:     5   Next: 11%
Magic:  6/6        EV: 17    Int: 19    God:
Gold:   214        SH:  0    Dex: 17    Spells: 0 memorised, 4 levels left

rFire  . . .     SeeInvis .     a - +2 shortbow
rCold  . . .     Clarity  .     c - +0 leather armour
rNeg   . . .     SustAt   .     (shield currently unavailable)
rPois  +         Gourm    .     (no helmet)
rElec  .         Spirit   .     m - +1 cloak
rCorr  .         Warding  .     (no gloves)
rMut   .         Stasis   .     (no boots)
MR     .....                    n - amulet of regeneration
Stlth  ++........               v - ring of poison resistance
                                x - +5 ring of evasion

@: brilliant, very slightly contaminated, invisible, not resistant to hostile
enchantments, unstealthy
A: no striking features
a: no special abilities


You were on level 4 of the Dungeon.
You were not hungry.

You visited 1 branch of the dungeon, and saw 4 of its levels.

You collected 214 gold pieces.

Inventory:

Hand Weapons
 a - a +2 shortbow (weapon)
 b - a +0 short sword
 p - a +2 dagger of venom
Missiles
 d - 15 arrows (quivered)
 e - 7 arrows of dispersal
Armour
 c - a +0 leather armour (worn)
 m - a +1 cloak (worn)
Jewellery
 j - an uncursed amulet of rage
 n - an amulet of regeneration (around neck)
 q - an uncursed ring of protection from magic
 v - a ring of poison resistance (right hand)
 x - a +5 ring of evasion (left hand)
Wands
 y - a wand of frost (40)
Scrolls
 g - 4 scrolls of identify
 o - 2 scrolls of remove curse
Potions
 k - a potion of haste {unknown}
 l - a potion of mutation {unknown}
 w - a potion of curing {unknown}
 A - a potion of resistance {unknown}
 C - a potion of flight {unknown}
Books
 z - a book of Dreams

   Spells                             Type                      Level
   a - Ensorcelled Hibernation        Hexes/Ice                    2
   b - Phase Shift                    Translocation                5
   c - Shadow Creatures               Summoning                    5
   d - Silence                        Hexes/Air                    5
   e - Darkness                       Hexes                        6
   f - Mass Confusion                 Hexes                        6
Comestibles
 r - a meat ration
 s - 2 bread rations


   Skills:
 - Level 2.0 Fighting
 * Level 8.5 Bows
 - Level 2.1 Dodging
 - Level 1.1 Stealth


You had 4 spell levels left.
You didn't know any spells.

Dungeon Overview and Level Annotations

Branches:
Dungeon (4/15)
 Temple: D:4-7

Altars:

Annotations:
D:4 PossumBlood's ghost, amateur CeHu


Message History

PossumBlood's ghost hits you.
* * * LOW HITPOINT WARNING * * *
Drink which item? (? for menu, Esc to quit)
Okay, then.
Firing (i - inventory. (,) - cycle):
d - 16 arrows (quivered)
Press: ? - help, Shift-Dir - straight line, f/p - PossumBlood's ghost
Aim: PossumBlood's ghost (severely damaged)
You shoot an arrow. The arrow hits PossumBlood's ghost!
PossumBlood's ghost is almost destroyed.
PossumBlood's ghost hits you.
* * * LOW HITPOINT WARNING * * *
Drink which item? (? for menu, Esc to quit)
You fade into invisibility!
PossumBlood's ghost closely misses you.
You are very lightly contaminated with residual magic.
Drink which item? (? for menu, Esc to quit)
It was a potion of brilliance.
You feel clever all of a sudden. PossumBlood's ghost hits you.
You die...

#.....)........#
#......#.....#.#
#......#.....#
##.#.........#
#.###########
#.######..
#.#.....((
..####.#..(....
........@W.....(
...###########+#


You could see PossumBlood's ghost.

Vanquished Creatures
  The ghost of Gargoyl the Skirmisher, a weakling DsAK of Lugonu (D:3)
  5 adders
  2 worms (D:2)
  2 ball pythons
  7 bats
  4 giant cockroaches
  8 hobgoblins
  4 jackals (D:2)
  5 kobolds
  3 quokkas
  A giant gecko (D:2)
  2 giant newts
  10 goblins
  5 rats
59 creatures vanquished.

Notes
Turn   | Place    | Note
--------------------------------------------------------------
     0 | D:1      | PossumBlood the High Elf Hunter began the quest for the Orb.
     0 | D:1      | Reached XP level 1. HP: 14/14 MP: 2/2
   184 | D:1      | Reached XP level 2. HP: 19/19 MP: 3/3
   243 | D:1      | Reached skill level 6 in Bows
   813 | D:2      | Reached XP level 3. HP: 24/24 MP: 4/4
   957 | D:2      | Reached skill level 7 in Bows
  1228 | D:2      | Reached XP level 4. HP: 27/29 MP: 5/5
  1993 | D:3      | Noticed Gargoyl's ghost (weakling DsAK)
  2001 | D:3      | Killed Gargoyl's ghost
  2001 | D:3      | Reached skill level 8 in Bows
  2001 | D:3      | Reached XP level 5. HP: 34/34 MP: 6/6
  2293 | D:4      | Noticed PossumBlood's ghost (amateur CeHu)
  2311 | D:4      | Slain by PossumBlood's ghost

Action                   |  1- 3 |  4- 6 || total
-------------------------+-------+-------++-------
 Fire: Shortbow          |   114 |    82 ||   196
  Use: Scroll            |       |     7 ||     7
       Potion            |       |     2 ||     2
  Eat: Bread ration      |     1 |       ||     1
